AoeStats
← HOT WINGS

Fortress

508479734Analyzed
3v3 RM · 10d ago on Sep 22, 2026· 57m 26s· 6 players
Game mode
Random Map
Map size
Large (8 player)
Population
200
Speed
Normal
Resources
Standard
Victory
Conquest
Starting age
Dark Age
Ending age
Imperial Age
RankedLock teamsTeams togetherTeam positionsShared explorationLock speedFull tech treeHidden civsTurbo modeCheats
Victory
Defeat
🇪🇸 Bulgarians · Spain
1119
+11
🇪🇸 Spanish · Spain
1049
+18
🇪🇸 Hindustanis · Spain
934
+17
🇺🇸 Varangians · United States
1002
-14
🇬🇧 Wu · United Kingdom
993
-14
🇬🇧 Persians · United Kingdom
985
-14
Gauntlet
8:28 Feudal Age
9:19 Double-Bit Axe
12:07 Castle Age
10:23 Horse Collar
11:21 Forging
13:33 Bow Saw
16:36 Scale Barding Armor
18:19 Bloodlines
18:36 Loom
19:51 Fletching
20:59 Wheelbarrow
20:48 Chain Barding Armor
20:39 Heavy Plow
20:36 Gold Mining
23:47 Stone Mining
24:26 Husbandry
26:02 Hand Cart
27:16 Iron Casting
27:11 Town Watch
27:14 Pikeman
32:12 Stone Shaft Mining
35:42 Imperial Age
34:17 Scale Mail Armor
34:16 Arson
35:57 Bodkin Arrow
38:17 Halberdier
40:14 Bracer
44:24 Cavalier
52:30 Blast Furnace
53:10 Plate Barding Armor
HOT WINGS
6:38 Loom
9:34 Feudal Age
13:08 Double-Bit Axe
15:29 Castle Age
13:23 Fletching
13:34 Padded Archer Armor
13:28 Gold Mining
13:20 Horse Collar
16:14 Red Cliffs Tactics
16:11 Bodkin Arrow
16:31 Leather Archer Armor
15:38 Crossbowman
18:39 Gold Shaft Mining
22:28 Ballistics
23:35 Forging
28:38 Bow Saw
30:01 Iron Casting
30:24 Pikeman
31:11 Scale Mail Armor
38:12 Imperial Age
40:28 Conscription
41:28 Blast Furnace
40:31 Bracer
40:13 Elite Fire Archer
49:55 Caravan
50:37 Halberdier
51:37 Chain Mail Armor
52:22 Blast Furnace
53:40 Plate Mail Armor
53:53 Squires
Clockwise Haggis
3:54 Loom
8:59 Feudal Age
10:05 Horse Collar
10:14 Double-Bit Axe
14:03 Castle Age
15:47 Wheelbarrow
14:58 Town Watch
18:18 Heavy Plow
19:55 Squires
22:18 Bow Saw
27:30 Imperial Age
26:15 Hand Cart
26:07 Town Patrol
28:02 Kamandaran
28:13 Citadels
28:23 Conscription
28:45 Crop Rotation
29:03 Husbandry
29:14 Bloodlines
30:28 Hoardings
30:18 Thumb Ring
29:34 Crossbowman
30:26 Scale Barding Armor
30:21 Scale Mail Armor
30:24 Elite Skirmisher
32:54 Guilds
32:08 Elite War Elephant
33:09 Pikeman
35:32 Chain Barding Armor
35:23 Forging
35:04 Fletching
35:14 Padded Archer Armor
35:15 Scale Mail Armor
37:20 Ballistics
36:56 Murder Holes
37:11 Masonry
38:03 Chemistry
38:07 Bodkin Arrow
42:08 Cavalier
42:09 Light Cavalry
43:41 Savar
48:07 Plate Barding Armor
48:07 Iron Casting
47:48 Chain Mail Armor
47:48 Leather Archer Armor
50:34 Two-Man Saw
48:57 Hussar
54:17 Halberdier
sepereti
6:29 Feudal Age
13:06 Castle Age
10:59 Double-Bit Axe
10:57 Horse Collar
11:18 Gold Mining
16:45 Wheelbarrow
18:13 Stone Mining
23:02 Hand Cart
24:22 Stone Shaft Mining
26:02 Bow Saw
26:02 Heavy Plow
26:28 Pikeman
30:14 Imperial Age
29:27 Ballistics
29:10 Padded Archer Armor
29:01 Fletching
29:18 Elite Skirmisher
30:10 Squires
30:31 Leather Archer Armor
30:11 Bodkin Arrow
32:15 Chemistry
30:39 Halberdier
32:42 Two-Man Saw
32:21 Conscription
32:41 Ring Archer Armor
32:12 Bracer
32:37 Loom
49:28 Forging
49:24 Scale Barding Armor
53:36 Scale Mail Armor
54:11 Iron Casting
chinorron
6:48 Feudal Age
11:21 Castle Age
9:31 Double-Bit Axe
12:06 Horse Collar
14:03 Loom
15:11 Wheelbarrow
16:02 Bow Saw
19:08 Heavy Plow
21:22 Hand Cart
21:37 Gold Mining
27:14 Imperial Age
25:17 Stirrups
25:35 Bloodlines
25:26 Husbandry
25:39 Forging
25:40 Fletching
25:56 Scale Barding Armor
26:00 Light Cavalry
27:16 Cavalier
28:21 Chain Barding Armor
29:59 Iron Casting
30:42 Bodkin Arrow
31:48 Blast Furnace
33:02 Elite Konnik
35:59 Scale Mail Armor
35:23 Pikeman
36:03 Squires
36:42 Plate Barding Armor
36:11 Halberdier
42:40 Hussar
46:31 Chain Mail Armor
50:18 Plate Mail Armor
52:19 Gambesons
53:50 Bagains
54:11 Conscription
RAPAZ
4:37 Loom
8:13 Feudal Age
12:53 Castle Age
11:30 Double-Bit Axe
12:15 Horse Collar
12:59 Scale Barding Armor
15:14 Chain Barding Armor
17:10 Gold Mining
17:51 Forging
18:59 Bloodlines
18:50 Husbandry
20:27 Gold Shaft Mining
22:02 Heavy Plow
24:25 Iron Casting
26:31 Wheelbarrow
26:48 Elite Skirmisher
31:50 Hand Cart
34:29 Imperial Age
33:51 Ballistics
36:31 Chemistry
39:00 Block Printing
41:49 Theocracy
41:45 Illumination
45:07 Fervor
52:23 Herbal Medicine
53:09 Redemption
57:32 Squires
56:53 Pikeman
Connection lost

Rejoining the realm…

Still unreachable

The connection could not be restored.

Session expired

The server has moved on; the page needs a fresh start.